 Dungeon Crawl Stone Soup version 0.29-a0-887-gcbe080d7e0 (webtiles) character file.

Game seed: 14847216263842834615

3043 iguanaiguana the Cleaver (level 9, -2/81 HPs)
             Began as a Minotaur Fighter on July 22, 2022.
             Slain by a hornet (5 damage)
             ... while paralysed by a hornet
             ... on level 7 of the Dungeon.
             The game lasted 00:05:35 (6863 turns).

iguanaiguana the Cleaver (Minotaur Fighter)         Turns: 6863, Time: 00:05:36

Health: -2/81      AC: 17    Str: 25    XL:     9   Next: 56%
Magic:  8/8        EV:  2    Int:  3    God:
Gold:   309        SH:  0    Dex: 10    Spells: 8/8 levels left

rFire   + + +      SeeInvis .   a - +1 war axe (vorpal)
rCold   . . .      Faith    .   c - +0 buckler
rNeg    . . .      Spirit   .   z - +1 plate armour {rF+}
rPois   +          Reflect  .   (helmet restricted)
rElec   .          Harm     .   t - +0 cloak {rCorr}
rCorr   +          Rampage  .   (no gloves)
Will    .....                   A - +0 pair of boots
Stlth   ..........              E - amulet "Busaib" {rPois rF+++ Regen+ Int-2 Stlth+}
HPRegen 1.03/turn               o - +4 ring of evasion
MPRegen 0.11/turn               (no ring)

@: paralysed, lethally poisoned (-2 -> -8), hasted and slowed
A: horns 2, retaliatory headbutt
a: no special abilities


You were on level 7 of the Dungeon.
You visited 2 branches of the dungeon, and saw 8 of its levels.
You also visited: Ossuary.

You collected 309 gold pieces.

Inventory:

Hand Weapons
 a - a +1 vorpal war axe (weapon)
Missiles
 b - 14 poisoned darts
 s - 2 atropa-tipped darts (quivered)
 H - 4 curare-tipped darts
 I - a boomerang
Armour
 c - a +0 buckler (worn)
 t - a +0 cloak of preservation (worn)
 z - a +1 plate armour of fire resistance (worn)
 A - a +0 pair of boots (worn)
Magical Staves
 v - a staff of cold
Jewellery
 o - a +4 ring of evasion (left hand)
 r - an amulet of reflection
 E - the amulet "Busaib" (around neck) {rPois rF+++ Regen+ Int-2 Stlth+}
   (You found it in an ossuary)

   [amulet of regeneration]

   Int:       It affects your intelligence (-2).
   rF:        It renders you almost immune to fire.
   rPois:     It protects you from poison.
   Regen:     It increases your rate of health regeneration.
   Stlth:     It makes you more stealthy.
Wands
 B - a wand of roots (23)
Scrolls
 e - 2 scrolls of poison
 h - 5 scrolls of identify {@r1}
 i - 3 scrolls of enchant weapon
 j - a scroll of immolation
 m - a scroll of fear
 u - a scroll of butterflies
 x - a scroll of torment {unknown}
 y - 3 scrolls of teleportation {@r3}
 C - a scroll of magic mapping {@r5}
 J - a scroll of summoning {unknown}
 K - a scroll of vulnerability
Potions
 d - 2 potions of might {@q3}
 f - 6 potions of flight
 g - a potion of haste {@q4}
 k - 2 potions of lignification
 l - 2 potions of degeneration
 n - 2 potions of attraction {unknown}
 p - 3 potions of ambrosia {unknown}
 q - 2 potions of invisibility {unknown}
 w - a potion of resistance {@q5}
 D - 4 potions of curing {unknown}
 F - 2 potions of heal wounds {unknown}
 G - a potion of brilliance {unknown}


   Skills:
 + Level 8.1 Fighting
 * Level 10.5 Axes
 + Level 8.0 Armour
 - Level 8.0 Shields


You had 8 spell levels left.
You didn't know any spells.
Your spell library was empty.

Dungeon Overview and Level Annotations

Branches:
Dungeon (7/15)             Temple (1/1) D:5         Ossuary (visited)

Altars:
Ashenzari
Dithmenos
Elyvilon
Hepliaklqana
Kikubaaqudgha
Makhleb
Nemelex Xobeh
Qazlal
Ru
Sif Muna
Uskayaw
Vehumet
Wu Jian
Xom
Yredelemnul
Zin
The Shining One

Shops:
D:6 =


Innate Abilities, Weirdness & Mutations

You have a pair of horns on your head.
You reflexively headbutt those who attack you in melee.


Message History

You closely miss the hornet.
The hornet is moderately wounded.
You hit the plant. You hit the centaur but do no damage. The hornet stings you!
You feel yourself slow down. The centaur barely misses you.
The centaur misses you.
An ogre comes into view. It is wielding a +0 giant club.
A gnoll comes into view. It is wielding a +0 flail.
The hornet stings you but does no damage.
You miss the hornet.
The hornet is lightly wounded.
The gnoll shouts!
You slash the centaur! You hit the plant.
A nearby plant withers and dies.
The centaur barely misses you.
The centaur kicks you but does no damage.
The hornet stings you but does no damage.
The white imp hits the plant.
The white imp freezes the plant.
The centaur hits you. You block the centaur's attack.
A gnoll bouda comes into view. It is wielding a +0 whip.
The hornet stings you.
There are monsters nearby!
You hit the centaur.
The centaur is heavily wounded.
You hit the plant. You slash the hornet!
You feel yourself speed up.
A nearby plant withers and dies.
The centaur barely misses you.
The centaur kicks you but does no damage.
The hornet stings you but does no damage.
The centaur hits you but does no damage.
The centaur kicks you but does no damage.
The hornet barely misses you. You furiously retaliate!
You headbutt the hornet! The white imp closely misses you.
You furiously retaliate!
You headbutt the white imp, but do no damage.
The centaur hits you.
The centaur kicks you but does no damage.
You closely miss the hornet.
The hornet is severely wounded.
You hit the white imp. You hit the centaur.
The hornet stings you but does no damage.
You block the centaur's attack. x2; The white imp barely misses you.
You furiously retaliate!
You headbutt the white imp. The hornet stings you!
You are poisoned.
The centaur hits you but does no damage.
The centaur kicks you.
You closely miss the hornet. You headbutt the hornet.
The hornet is almost dead.
You hit the centaur but do no damage. You closely miss the white imp.
You feel very sick. The hornet stings you!
You are more poisoned.
The white imp gestures at you. You block the puff of frost.
The centaur hits you but does no damage.
The centaur barely misses you.
There are monsters nearby!
You are too injured to fight recklessly!
You are too injured to fight recklessly!
You are too injured to fight recklessly!
You are too injured to fight recklessly!
You are too injured to fight recklessly!
You are too injured to fight recklessly!
Okay, then.
You feel yourself speed up.
You feel very sick.
The hornet stings you but does no damage.
You block the centaur's attack.
The centaur kicks you but does no damage.
The white imp hits you but does no damage.
The ogre hits you with a +0 giant club.
The gnoll bouda barks out a call to the hunt!
The gnolls pick up the pace!
You block the gnoll's attack.
The hornet stings you but does no damage.
The centaur closely misses you. You furiously retaliate!
You headbutt the centaur!
You kill the centaur!
You feel very sick. The hornet attacks as you move away! The hornet stings you.
You feel sick.
You see here a scroll of vulnerability.
You feel sick.
You feel sick.
You miss the hornet. Your headbutt misses the hornet.
The hornet is almost dead.
You feel sick.
The hornet stings you but does no damage.
You miss the hornet. Your headbutt misses the hornet.
The hornet is almost dead.
You feel sick. The hornet stings you.
You suddenly lose the ability to move!
You feel sick. The hornet stings you!
* * * LOW HITPOINT WARNING * * *
You are more poisoned.
You feel yourself slow down.
The white imp hits you but does no damage.
The ogre hits you with a +0 giant club!
* * * LOW HITPOINT WARNING * * *
* * * LOW HITPOINT WARNING * * *
You feel very sick.
The hornet stings you but does no damage.
The white imp hits you but does no damage.
The hornet stings you.
You die...

≈≈≈≈P♣...≈P♣ ≈≈≈≈≈≈...≈≈♣♣
.... P≈≈≈≈≈..P≈≈♣ ...
≈≈PP....≈≈≈♣♣..
♣≈≈≈P...≈≈♣♣..
#.≈≈...≈≈♣≈..# ####.#♣≈..≈♣
##.#####
####...gJO...≈♣##..[...##
#...$..##y@..♣≈#........##
..♣#.♣.).#5#).............#
≈≈≈≈≈5≈≈.......)..<.....#
≈≈.≈≈.≈≈.P......)........#
.≈gg≈≈≈≈≈≈≈P.....)........#
P≈≈≈≈≈≈≈≈P≈.:.............#
.♣≈≈≈≈≈≈P≈...............##
...≈♣≈.≈≈♣....?...†......#
..♣♣.................#


You could see a hornet, an ogre, a jelly, a gnoll (swift) and a white imp.

Vanquished Creatures
  A hornet (D:6)
  A black bear (D:5)
  2 hornet zombies (Ossuary)
  An orc warrior (D:4)
  An ogre (D:6)
  3 centaurs
  A kobold brigand (D:6)
  2 bullfrogs
  2 scorpions
  A water moccasin zombie (Ossuary)
  3 wights (D:7)
  6 centaur zombies (Ossuary)
  8 bullfrog zombies (Ossuary)
  A quasit (D:6)
  A jelly (D:7)
  2 orc priests (D:6)
  Crazy Yiuf (D:2)
  5 hounds
  5 iguanas
  8 orc wizards
  4 killer bee zombies (Ossuary)
  11 mummies
  2 howler monkey zombies (Ossuary)
  8 adders
  3 shadow imps
  2 white imps (D:6)
  3 ufetubi (D:6)
  5 worms
  2 dart slugs
  23 orcs
  4 ball pythons
  3 bats
  13 endoplasms
  7 giant cockroaches
  5 goblins
  8 hobgoblins
  10 kobolds
  4 quokkas
  3 frilled lizards
  A rat (D:2)
  A spectral orc (D:4)
177 creatures vanquished.

Vanquished Creatures (others)
  5 demonic plants (D:6)
  5 plants
  6 withered plants (Ossuary)
16 creatures vanquished.

Grand Total: 193 creatures vanquished

Notes
Turn   | Place    | Note
-------+----------+-------------------------------------------
     0 | D:1      | iguanaiguana the Minotaur Fighter began the quest for the
                  | Orb.
     0 | D:1      | Reached XP level 1. HP: 19/19 MP: 0/0
   218 | D:1      | Reached XP level 2. HP: 27/27 MP: 1/1
   342 | D:1      | Reached skill level 3 in Axes
   863 | D:2      | Reached XP level 3. HP: 33/33 MP: 2/2
  1005 | D:2      | Found a faded altar of an unknown god.
  1062 | D:2      | Found a runed translucent door.
  1063 | D:2      | Noticed Crazy Yiuf
  1678 | D:2      | Reached XP level 4. HP: 40/40 MP: 3/3
  1990 | D:2      | Killed Crazy Yiuf
  1991 | D:2      | Reached skill level 4 in Axes
  2239 | D:3      | Noticed a scorpion
  2247 | D:3      | Killed a scorpion
  2248 | D:3      | Reached XP level 5. HP: 31/47 MP: 4/4
  3289 | D:4      | Noticed an orc warrior
  3298 | D:4      | Killed an orc warrior
  3299 | D:4      | Reached skill level 5 in Axes
  3299 | D:4      | Reached XP level 6. HP: 24/55 MP: 5/5
  3303 | D:4      | Reached skill level 5 in Fighting
  3303 | D:4      | Reached skill level 5 in Armour
  3528 | D:4      | Reached skill level 5 in Shields
  3826 | D:4      | Found a basalt altar of Yredelemnul.
  4017 | D:5      | Entered Level 5 of the Dungeon
  4066 | D:5      | Reached skill level 6 in Axes
  4066 | D:5      | Reached XP level 7. HP: 51/61 MP: 6/6
  4344 | D:5      | Found a staircase to the Ecumenical Temple.
  4369 | Temple   | Entered the Ecumenical Temple
  4573 | D:5      | Reached skill level 7 in Axes
  4841 | D:5      | Found a shimmering altar of Xom.
  5264 | D:6      | Found a sand-covered staircase.
  5271 | Ossuary  | Entered an ossuary
  5292 | Ossuary  | Reached XP level 8. HP: 70/70 MP: 7/7
  5372 | Ossuary  | Reached skill level 8 in Axes
  5663 | Ossuary  | Reached skill level 9 in Axes
  5702 | Ossuary  | Identified the amulet "Busaib" {rPois rF+++ Regen+ Int-2
                  | Stlth+}
  5911 | D:6      | Reached XP level 9. HP: 77/79 MP: 8/8
  6177 | D:6      | Found Yluzonag's Jewellery Shoppe.
  6616 | D:6      | Reached skill level 10 in Axes
  6861 | D:7      | Paralysed by a hornet for 3 turns
  6863 | D:7      | HP: 3/81 [poisoned by a hornet]
  6863 | D:7      | Slain by a hornet

Illustrated notes

Levels and vault maps discovered:
D:1:      spicycebolla_arrival_xxxplode, layout_basic
D:2:      layout_basic, hellmonk_ecumenical_altar_crossroads,
          minmay_misc_feat_chi, grunt_ministairs_1, minmay_pentomino_x2,
          uniq_crazy_yiuf_cottage
D:3:      layout_loops_ring
D:4:      layout_loops_ring, yredelemnul_forgotten_temple_becter,
          serial_bayou_pond_b, wad_rectangle_vault
D:5:      layout_loops_corners, xom_teletrap_fun, minmay_temple_entry_mist
D:6:      layout_loops_corners, serial_shops, nicolae_shop_advertising_works
          [nicolae_subvault_shop_adworks], serial_demonic, serial_demonic_g,
          serial_demonic_b, serial_demonic_g, serial_demonic_e,
          gup_ossuary_entry_pyramid, dk_vineyard_1, kennysheep_generic_room_3
D:7:      layout_rooms, trog_book, lemuel_coloured_pillars_altar,
          mainiacjoe_overflow_chevrons, serial_bayou, serial_bayou_pond_b,
          serial_bayou_pond_b, serial_bayou_ford_a, serial_bayou_crossing,
          serial_bayou_pond_c, chequers_mini_garden, uniq_joseph,
          uniq_prince_ribbit1
Temple:   hellmonk_temple_two_chambers

Skill      XL: |  1  2  3  4  5  6  7  8  9 |
---------------+----------------------------+-----
Axes           | 3 4 5 6 7 9 10 | 10.5
Fighting       | 4 5 6 7 8 |  8.1
Armour         | 4 5 6 7 8 |  8.0
Shields        | 4 5 6 7 8 |  8.0

Action                   |  1- 3 |  4- 6 |  7- 9 || total
-------------------------+-------+-------+-------++-------
Melee: War axe           |    76 |   129 |   305 ||   510
       Headbutt          |     9 |    17 |    45 ||    71
  Use: Scroll            |       |       |    17 ||    17
       Potion            |       |       |     1 ||     1
Armor: Scale mail        |    31 |    17 |       ||    48
       Plate armour      |       |    22 |   207 ||   229
Dodge: Dodged            |    30 |    49 |   116 ||   195
Block: Buckler           |    15 |    51 |   134 ||   200
       Reflection        |       |       |     2 ||     2

Table legend: (Time is in decaauts)
 A = Elapsed time spent in this place.
 B = Non-inter-level travel time spent in this place.
 C = Inter-level travel time spent in this place.
 D = Time resting spent in this place.
 E = Time spent auto-exploring this place.
 F = Levels seen in this place.
 G = Mean time per level.
                   A        B        C        D        E       F      G
               +--------+--------+--------+--------+--------+-----+--------+
         Total |   6986 |   6811 |    175 |    583 |   4998 |   9 |  776.2 |
       Dungeon |   6370 |   6199 |    171 |    552 |   4674 |   7 |  910.0 |
        Temple |     39 |     35 |      4 |      0 |     32 |   1 |   39.0 |
       Ossuary |    576 |    576 |      0 |     31 |    291 |   1 |  576.0 |
               +--------+--------+--------+--------+--------+-----+--------+

Top non-repeatable levels by time:
     D:2: 1319 daAuts
     D:5: 1177 daAuts
     D:4: 1163 daAuts
     D:6: 1043 daAuts
     D:1: 831 daAuts
     D:3: 766 daAuts
 Ossuary: 576 daAuts
     D:7: 69 daAuts
  Temple: 39 daAuts
